 Dungeon Crawl Stone Soup version 0.31-a0-986-g5e6e4ef867 (webtiles) character file.

Game seed: 10928723975031661085

93 dialectric the Sneak (level 4, 0/24 HPs)
             Began as a Spriggan Delver on Nov 23, 2023.
             Was an Initiate of Ashenzari.
             Slain by a cerulean imp
             ... wielding a +1 spear
             ... summoned by Natasha
              (2 damage)
             ... on level 2 of the Dungeon.
             The game lasted 00:04:02 (1668 turns).

dialectric the Sneak (Spriggan Delver)              Turns: 1668, Time: 00:04:03

Health: 0/24       AC:  2    Str:  8    XL:     4   Next: 37%
Magic:  5/5        EV: 18    Int: 11    God:    Ashenzari [......]
Gold:   134        SH:  0    Dex: 18    Spells: 3/3 levels left

rFire   . . .        a - +0 short sword
rCold   . . .        (no shield)
rNeg    . . .        b - +0 robe
rPois   .            (helmet restricted)
rElec   .            (no cloak)
rCorr   .            (gloves unavailable)
SInv    +            (boots unavailable)
Will    .....        (no amulet)
Stlth   ++++         (no ring)
HPRegen 0.24/turn    (no ring)
MPRegen 0.09/turn

%: no passive effects
@: very quick
A: very small, no large weapons, unfitting armour, see invisible, speed 3
a: Renounce Religion, Curse Item


You were on level 2 of the Dungeon.
You worshipped Ashenzari.
Ashenzari was noncommittal.
You visited 1 branch of the dungeon, and saw 5 of its levels.

You collected 134 gold pieces.

Inventory:

Hand Weapons
 a - a +0 short sword (weapon)
Missiles
 o - 3 poisoned darts (quivered)
Armour
 b - a +0 robe (worn)
Talismans
 i - a flux talisman
Wands
 g - a wand of digging (2)
Scrolls
 c - a scroll of fog
 d - a scroll of revelation
 j - 2 scrolls of noise {unknown}
 l - a scroll of enchant weapon {unknown}
 m - 2 scrolls of poison {unknown}
Potions
 e - 2 potions of attraction {unknown}
 f - a potion of haste
 h - a potion of mutation {unknown}
 k - 2 potions of lignification {unknown}
 n - a potion of might {unknown}
 p - a potion of enlightenment {unknown}


   Skills:
 * Level 3.1 Fighting
 + Level 3.1 Short Blades
 + Level 3.8 Dodging
 + Level 7.9 Stealth


You had 3 spell levels left.
You didn't know any spells.
Your spell library contained the following spells:

 Spells                   Type           Power      Damage    Failure   Level
 Inner Flame              Hex/Fire       0%         N/A       71%         3
 Yara's Violent Unravell  Hex/Tmut       0%         3d3       100%        5
 Enfeeble                 Hex            0%         N/A       100%        7


Dungeon Overview and Level Annotations

Branches:
Dungeon (5/15)
 Temple: D:4-7

Altars:
Ashenzari

Annotations:
D:2 Natasha
D:3 Robin
D:4 Grinder


Innate Abilities, Weirdness & Mutations

You are very small and have problems with some larger weapons.
You are too small for most types of armour.
You have supernaturally acute eyesight. (SInv)
You cover ground extremely quickly. (Speed+++)


Message History

You hit the adder.
The adder is heavily wounded.
You feel sick. The adder closely misses you.
You miss the adder.
The adder is heavily wounded.
You feel sick. The adder bites you.
You miss the adder.
The adder is heavily wounded.
You feel sick. The adder closely misses you.
You hit the adder.
The adder is severely wounded.
You feel sick. The adder misses you.
You hit the adder.
The adder is severely wounded.
You feel sick. The adder closely misses you.
Natasha casts a spell.
You miss the adder.
The adder is severely wounded.
You feel sick. The adder closely misses you. The adder misses you.
You closely miss the adder.
The adder is severely wounded.
You feel sick.
You are no longer poisoned.
The adder misses you. The cerulean imp barely misses you.
You hit the adder.
You kill the adder!
You closely miss Natasha. The cerulean imp misses you.
Natasha completely misses you.
You hit Natasha.
Natasha is moderately wounded.
The cerulean imp barely misses you. Natasha barely misses you.
You hit Natasha.
Natasha is heavily wounded.
The cerulean imp closely misses you.
You hit Natasha.
Natasha is almost dead.
Natasha claws you!
* * * LOW HITPOINT WARNING * * *
The cerulean imp hits you from afar with a +1 spear.
You die...

#. #.# # #.# ####
#.##.####.... .
........# #......#
##### #.รท...###### #
..... ###5........(.
...... #@h......#### #
......######......#####
# ......).#
#..........# # #.#
#S.....###.##### #h#
#.......(.......
#.####......###.#####
#.##..........#.# #
#.##..........#.# #
#.h...........### #


You could see Natasha and a cerulean imp (summoned).

Vanquished Creatures
  A gnoll (D:1)
  4 adders
  3 dart slugs (D:1)
  A bat (D:1)
  2 endoplasms
  A giant cockroach (D:1)
  8 hobgoblins
  A quokka (D:3)
  2 ball pythons (D:1)
  2 frilled lizards (D:1)
  11 goblins
  2 kobolds (D:1)
  A rat (D:1)
39 creatures vanquished.

Notes
Turn   | Place    | Note
-------+----------+-------------------------------------------
     0 | D:5      | dialectric the Spriggan Delver began the quest for the Orb.
     0 | D:5      | Reached XP level 1. HP: 11/11 MP: 2/2
    24 | D:5      | Noticed an iguana
    25 | D:5      | Noticed an orc priest
    55 | D:5      | Noticed an ogre
    70 | D:5      | Noticed a phantom
    83 | D:5      | Noticed a scorpion
    98 | D:4      | Found a broken altar of Ashenzari.
   123 | D:4      | Noticed a hound
   144 | D:4      | Became a worshipper of Ashenzari the Shackled
   179 | D:4      | Noticed Grinder
   191 | D:4      | Reached XP level 2. HP: 16/16 MP: 3/3
   423 | D:3      | Reached XP level 3. HP: 17/19 MP: 4/4
   488 | D:3      | Noticed Robin
   888 | D:2      | Noticed Natasha
  1217 | D:1      | Reached XP level 4. HP: 24/24 MP: 5/5
  1668 | D:2      | Slain by a cerulean imp

Illustrated notes

Levels and vault maps discovered:
D:1:      minmay_arrival_doors, layout_loops_ring,
          chequers_serial_rivers_room_b, serial_bayou_crossing
D:2:      layout_basic, shapermc_ecumenical_altar_mp_urbaneastern,
          serial_bayou_pond_b, uniq_jessica, uniq_natasha
D:3:      layout_loops_cross, serial_glass, glass_columns_c, glass_columns_b,
          minivault_19, minmay_close_crescents, uniq_robin
D:4:      layout_basic, ashenzari_conservatory_becter,
          grunt_dithmenos_smoke_and_mirrors, serial_shops, shop,
          cheibrodos_sewer_entry_drain, uniq_pikel, uniq_blork_the_orc,
          uniq_grinder
D:5:      layout_layer_cave

Skill      XL: |  1  2  3 |
---------------+----------+-----
Dodging        | 3 |  3.8
Short Blades   | 3 |  3.1
Fighting       | 3 |  3.1
Stealth        | |  7.9

Action                     |  1- 3 |  4- 6 || total
---------------------------+-------+-------++-------
  Melee: Short sword       |   118 |    34 ||   152
  Throw: Dart              |       |     4 ||     4
  Evoke: Wand              |     1 |       ||     1
    Use: Scroll            |     1 |       ||     1
   Stab: Sleeping          |    11 |     1 ||    12
 Armour: Robe              |    28 |    11 ||    39
  Dodge: Dodged            |    90 |    31 ||   121

Table legend: (Time is in decaauts)
 A = Elapsed time spent in this place.
 B = Non-inter-level travel time spent in this place.
 C = Inter-level travel time spent in this place.
 D = Time resting spent in this place.
 E = Time spent auto-exploring this place.
 F = Levels seen in this place.
 G = Mean time per level.
                   A        B        C        D        E       F      G
               +--------+--------+--------+--------+--------+-----+--------+
         Total |   1115 |   1096 |     19 |      0 |    554 |   5 |  223.0 |
       Dungeon |   1115 |   1096 |     19 |      0 |    554 |   5 |  223.0 |
               +--------+--------+--------+--------+--------+-----+--------+

Top non-repeatable levels by time:
     D:1: 562 daAuts
     D:3: 229 daAuts
     D:2: 180 daAuts
     D:4: 84 daAuts
     D:5: 59 daAuts
